[Event "Titled Tuesday Blitz June 28 Early 2022"]
[White "McCoy, Owen"]
[Black "Matveeva, Olga"]
[WhiteFideId "30924502"]
[BlackFideId "24107018"]
[WhiteElo "2535"]
[BlackElo "2052"]
[Result "1-0"]
[Round "04"]
[TimeControl "180+1"]
[Date "2022.06.28"]
[WhiteClock "0:00:02"]
[BlackClock "0:00:10"]

1. d4 Nf6 2. c4 e6 3. g3 Bb4+ 4. Bd2 Qe7 5. Bg2 O-O 6. Nc3 Nc6 7. a3 Bxc3 8. Bxc3 d6 9. Nf3 e5 10. d5 Nb8 11. Nd2 Nbd7 12. e4 a5 13. b3 Ne8 14. Nf1 f5 15. exf5 Rxf5 16. Ne3 Rf8 17. b4 axb4 18. axb4 Rxa1 19. Qxa1 Qg5 20. h4 Qg6 21. Qd1 Ndf6 22. h5 Qf7 23. Qe2 Ng4 24. Bd2 Nef6 25. Rh4 e4 26. c5 Ne5 27. Kf1 Nfg4 28. Kg1 Qxf2+ 29. Qxf2 Rxf2 30. Nxg4 Nxg4 31. Bf4 Rb2 32. Bxe4 Rxb4 33. Bf3 Ne5 34. Bxe5 dxe5 35. Rxb4 e4 36. Bxe4 b5 37. Rxb5 1-0


[Site "https://www.chess.com"]

[Event "Titled Tuesday Blitz June 28 Early 2022"]
[White "Mekhane, Adam"]
[Black "Pulpan, Jakub"]
[WhiteFideId "36050601"]
[BlackFideId "302759"]
[WhiteElo "2002"]
[BlackElo "2495"]
[Result "0-1"]
[Round "04"]
[TimeControl "180+1"]
[Date "2022.06.28"]
[WhiteClock "0:00:36"]
[BlackClock "0:01:53"]

1. e4 e5 2. Nf3 Nc6 3. Bb5 Nf6 4. O-O Nxe4 5. d4 Nd6 6. dxe5 Nxb5 7. a4 Nxe5 8. Nxe5 Nd6 9. c4 Be7 10. b3 O-O 11. Bb2 Bf6 12. Qd2 Ne4 13. Qc2 Nc5 14. Nd2 d6 15. Nef3 Bxb2 16. Qxb2 a5 17. Rfe1 Nd3 18. Qd4 Nxe1 19. Rxe1 Re8 20. Ne4 Bf5 21. Qd5 Bxe4 22. Rxe4 Rxe4 23. Qxe4 b6 24. Ng5 g6 25. Qd5 Qe8 26. h4 Qe1+ 27. Kh2 Qe5+ 28. f4 Qxf4+ 29. g3 Qf2+ 30. Kh3 Qf1+ 31. Kh2 Re8 32. Ne4 Qe2+ 33. Kh3 Qxe4 0-1


[Site "https://www.chess.com"]

[Event "Titled Tuesday Blitz June 28 Early 2022"]
[White "Melkumyan, Hrant"]
[Black "Ghazarian, Kirk"]
[WhiteFideId "13302485"]
[BlackFideId "30908604"]
[WhiteElo "2604"]
[BlackElo "2003"]
[Result "1-0"]
[Round "04"]
[TimeControl "180+1"]
[Date "2022.06.28"]
[WhiteClock "0:00:08"]
[BlackClock "0:00:01"]

1. Nf3 d5 2. e3 g6 3. c4 c6 4. Nc3 Bg7 5. d4 Nf6 6. Be2 O-O 7. O-O dxc4 8. Bxc4 Bg4 9. h3 Bxf3 10. Qxf3 Nbd7 11. Rd1 e5 12. a4 Qc7 13. a5 exd4 14. exd4 Rfe8 15. Bf4 Qd8 16. d5 cxd5 17. Nxd5 Rc8 18. Ne3 Qe7 19. Qxb7 Qe4 20. Qxe4 Rxe4 21. Ba6 Rc5 22. Bd6 Rg5 23. b4 Ne8 24. Rac1 Nxd6 25. Rxd6 Nf8 26. Rc4 Rxc4 27. Bxc4 Bc3 28. Nd5 Be5 29. Rd8 Kg7 30. g3 Bd4 31. Kg2 Re5 32. Nc7 Bc3 33. Ne8+ Kg8 34. Nf6+ Kg7 35. Ne8+ Kg8 36. Nd6 Bxb4 37. Nxf7 Rxa5 38. Rb8 Ba3 39. Rb7 Rc5 40. Bb3 Rc3 41. Bd5 a5 42. h4 Rd3 43. Bc4 Rc3 44. Ne5+ Kh8 45. Bd5 Rc5 46. Nf7+ Kg8 47. Bb3 Rc3 48. Ng5+ Kh8 49. Ne4 Rc1 50. Nf6 1-0


[Site "https://www.chess.com"]

[Event "Titled Tuesday Blitz June 28 Early 2022"]
[White "Mendez Fortes, Eduardo Jesus"]
[Black "Nunez V, Gustavo Eduardo"]
[WhiteFideId "3502376"]
[BlackFideId "4403690"]
[WhiteElo "2321"]
[BlackElo "2228"]
[Result "1-0"]
[Round "04"]
[TimeControl "180+1"]
[Date "2022.06.28"]
[WhiteClock "0:01:44"]
[BlackClock "0:00:19"]

1. e4 c5 2. Nf3 Nc6 3. d4 cxd4 4. Nxd4 e5 5. Nb5 a6 6. Nd6+ Bxd6 7. Qxd6 Qf6 8. Qd1 Qg6 9. Nc3 Nge7 10. h4 h5 11. Bg5 d5 12. Bxe7 d4 13. Ba3 dxc3 14. bxc3 Qxe4+ 15. Be2 Bf5 16. Rb1 Rd8 17. Qc1 Qxg2 18. Rf1 Rd7 19. Qe3 Bxc2 20. Bf3 Qh2 21. Rxb7 Rxb7 22. Bxc6+ Rd7 23. Qc5 Kd8 24. Qb6+ Kc8 25. Qxa6+ Kd8 26. Qa8+ Kc7 27. Qb7+ Kd8 28. Qxd7# 1-0


[Site "https://www.chess.com"]

[Event "Titled Tuesday Blitz June 28 Early 2022"]
[White "Mickiewicz, Piotr"]
[Black "Antonio, Jorge Carlos"]
[WhiteFideId "1114891"]
[BlackFideId "113190"]
[WhiteElo "2209"]
[BlackElo "2247"]
[Result "1-0"]
[Round "04"]
[TimeControl "180+1"]
[Date "2022.06.28"]
[WhiteClock "0:00:43"]
[BlackClock "0:00:02"]

1. e4 c5 2. Nf3 e6 3. d4 cxd4 4. Nxd4 Nc6 5. Nc3 a6 6. g3 Bb4 7. Bg2 Nge7 8. O-O O-O 9. Nde2 Bc5 10. Kh1 Qc7 11. f4 f5 12. e5 b5 13. Qd3 b4 14. Na4 Ba7 15. Be3 Bb7 16. Rfd1 Rfd8 17. c4 bxc3 18. bxc3 Nxe5 19. fxe5 Bxg2+ 20. Kxg2 Qc6+ 21. Kh3 Qxa4 22. Bxa7 Rxa7 23. Qd4 Qxd4 24. cxd4 Rc8 25. Rdc1 Nd5 26. Rxc8+ Kf7 27. Rb1 g5 28. Rb3 a5 29. Kg2 a4 30. Rb5 Ne3+ 31. Kf3 Nd5 32. h4 h6 33. h5 a3 34. Nc3 Ne7 35. Rcc5 Nc6 36. Rxc6 dxc6 37. Rb6 Rd7 38. Ke3 f4+ 39. gxf4 gxf4+ 40. Kd3 Rd5 41. Nxd5 1-0


[Site "https://www.chess.com"]

[Event "Titled Tuesday Blitz June 28 Early 2022"]
[White "Mikhalsky, Vladimir"]
[Black "Delorme, Alban"]
[WhiteFideId "14144352"]
[BlackFideId "623636"]
[WhiteElo "2301"]
[BlackElo "2197"]
[Result "1-0"]
[Round "04"]
[TimeControl "180+1"]
[Date "2022.06.28"]
[WhiteClock "0:01:20"]
[BlackClock "0:01:38"]

1. e4 c5 2. Nf3 d6 3. d3 g6 4. g3 Bg7 5. Bg2 Nc6 6. O-O Bg4 7. h3 Bxf3 8. Qxf3 e6 9. c3 Nge7 10. Rd1 O-O 11. a4 d5 12. Na3 a6 13. Qe2 dxe4 14. dxe4 Qc7 15. Bf4 e5 16. Be3 b6 17. Nc4 Rfd8 18. a5 b5 19. Nb6 Rab8 20. Bxc5 Nxa5 21. Rxd8+ Qxd8 22. Rxa5 Rxb6 23. Bxb6 Qxb6 24. Ra1 Nc6 25. Qd3 h5 26. h4 Kh7 27. Bh3 b4 28. Rxa6 Qc5 29. Ra4 bxc3 30. bxc3 Bh6 31. Rc4 Qb5 32. Qd5 Qb1+ 33. Kg2 Na5 34. Qxf7+ Bg7 35. Rc7 Qxe4+ 36. Kh2 1-0


[Site "https://www.chess.com"]

[Event "Titled Tuesday Blitz June 28 Early 2022"]
[White "Miller, Eduard"]
[Black "Magallanes, Rey Jomar"]
[WhiteFideId "24687022"]
[BlackFideId "5205948"]
[WhiteElo "2299"]
[BlackElo "2201"]
[Result "1-0"]
[Round "04"]
[TimeControl "180+1"]
[Date "2022.06.28"]
[WhiteClock "0:01:32"]
[BlackClock "0:01:26"]

1. d4 d5 2. c4 e6 3. Nc3 Nf6 4. cxd5 exd5 5. Bg5 Be7 6. e3 Nc6 7. Nf3 h6 8. Bh4 Bf5 9. Bb5 O-O 10. O-O a6 11. Bxc6 bxc6 12. Na4 Ne4 13. Bxe7 Qxe7 14. Rc1 Qd6 15. Ne5 c5 16. Nxc5 Nxc5 17. Rxc5 Rab8 18. Qd2 f6 19. Nc6 Rb5 20. Rfc1 Rxc5 21. Rxc5 Bd7 22. Qc3 f5 23. Ne5 f4 24. Rxc7 Bb5 25. Rc8 fxe3 26. fxe3 Kh7 27. Rxf8 Qxf8 28. Qc2+ Kg8 29. h3 Qf1+ 30. Kh2 Qe1 31. Qc8+ Kh7 32. Qf5+ Kg8 33. Qf7+ Kh7 34. Ng4 h5 35. Nf6+ Kh6 36. Qxh5# 1-0


[Site "https://www.chess.com"]

[Event "Titled Tuesday Blitz June 28 Early 2022"]
[White "Mosutha, Thuso"]
[Black "Golubovskis, Maksims"]
[WhiteFideId "11302550"]
[BlackFideId "11608528"]
[WhiteElo "2028"]
[BlackElo "2102"]
[Result "0-1"]
[Round "04"]
[TimeControl "180+1"]
[Date "2022.06.28"]
[WhiteClock "0:01:02"]
[BlackClock "0:00:22"]

1. d4 Nf6 2. c4 e6 3. Nf3 d5 4. g3 dxc4 5. Bg2 Bb4+ 6. Bd2 Bxd2+ 7. Nbxd2 b5 8. a4 c6 9. axb5 cxb5 10. Ne5 Nd5 11. O-O O-O 12. b3 c3 13. Ne4 b4 14. Nc5 f6 15. Nc4 Nc6 16. e4 Nb6 17. Nxb6 Qxb6 18. Nxe6 Bxe6 19. d5 Ne5 20. dxe6 Qxe6 21. f4 Rfd8 22. Qe2 Nd3 23. Rfd1 Qb6+ 24. Kf1 Nb2 25. Re1 Rd2 26. Qf3 Rad8 27. e5 fxe5 28. Rxe5 Rd1+ 29. Rxd1 Rxd1+ 30. Ke2 Rd2+ 31. Kf1 Qd8 32. Qc6 Rd1+ 33. Kf2 Nd3+ 34. Ke3 Nxe5 35. fxe5 Qd4+ 36. Kf3 Rd3+ 37. Ke2 Qe3+ 38. Kf1 Rd1# 0-1


[Site "https://www.chess.com"]

[Event "Titled Tuesday Blitz June 28 Early 2022"]
[White "Nakamura, Hikaru"]
[Black "Popilski, Gil"]
[WhiteFideId "2016192"]
[BlackFideId "2809060"]
[WhiteElo "2850"]
[BlackElo "2537"]
[Result "1-0"]
[Round "04"]
[TimeControl "180+1"]
[Date "2022.06.28"]
[WhiteClock "0:00:35"]
[BlackClock "0:00:02"]

1. Nf3 g6 2. e4 Bg7 3. d4 d6 4. Bc4 Nf6 5. Qe2 c6 6. e5 dxe5 7. dxe5 Nd5 8. h3 O-O 9. O-O Qc7 10. Nbd2 a5 11. a3 Be6 12. Nb3 Nd7 13. Re1 c5 14. Nbd2 Nf4 15. Qe4 Bxc4 16. Nxc4 Ne6 17. a4 Rfd8 18. c3 Nb6 19. Nxb6 Qxb6 20. Nd2 Rd7 21. Nc4 Qa6 22. Be3 Rad8 23. f4 Nd4 24. Na3 Nb3 25. Rab1 Nd2 26. Bxd2 Rxd2 27. Nc4 R2d3 28. Rf1 b5 29. axb5 Qxb5 30. f5 Qb3 31. Nxa5 Qd5 32. Rbe1 Qxe4 33. Rxe4 gxf5 34. Rxf5 Rd1+ 35. Rf1 Rxf1+ 36. Kxf1 Rd5 37. Nc6 Kf8 38. Ke2 Bh6 39. Rh4 Bc1 40. b4 cxb4 41. cxb4 Rd2+ 42. Kf3 h6 43. Rc4 Bb2 44. b5 Ba3 45. Rc3 Bb2 46. Rb3 1-0


[Site "https://www.chess.com"]

[Event "Titled Tuesday Blitz June 28 Early 2022"]
[White "Narayanan.S.L"]
[Black "Goltsev, Dmitry"]
[WhiteFideId "5058422"]
[BlackFideId "24176710"]
[WhiteElo "2494"]
[BlackElo "2258"]
[Result "1/2-1/2"]
[Round "04"]
[TimeControl "180+1"]
[Date "2022.06.28"]
[WhiteClock "0:01:27"]
[BlackClock "0:00:52"]

1. f4 d5 2. Nf3 c5 3. g3 Nc6 4. Bg2 Nf6 5. O-O g6 6. d3 Bg7 7. c3 O-O 8. Be3 Ng4 9. Bxc5 b6 10. Bf2 Nxf2 11. Rxf2 e5 12. fxe5 Nxe5 13. Nxe5 Bxe5 14. Nd2 Be6 15. d4 Bg7 16. e4 dxe4 17. Nxe4 Rc8 18. Qd2 Re8 19. Ng5 Qd6 20. Nxe6 Qxe6 21. Raf1 f5 22. a3 Qe3 23. Qxe3 Rxe3 24. Rf3 Re2 25. R1f2 Rce8 26. Rxe2 Rxe2 27. Rf2 Rxf2 28. Kxf2 Bh6 29. Ke2 Bc1 30. b4 Bxa3 31. Kd1 a5 32. bxa5 bxa5 33. Kc2 Kf7 34. c4 Ke6 35. c5 g5 36. Kb3 Bc1 37. d5+ Kd7 38. Bf1 Be3 39. Bb5+ Kc8 40. Kc4 f4 41. gxf4 Bxf4 42. d6 Bxh2 43. Kd5 Bg1 44. c6 Bb6 45. Be2 a4 46. Kc4 a3 47. Bg4+ Kd8 48. Kb3 Bc7 49. dxc7+ Kxc7 50. Bf3 g4 51. Bxg4 Kxc6 52. Kxa3 h5 53. Bxh5 1/2-1/2


[Site "https://www.chess.com"]

[Event "Titled Tuesday Blitz June 28 Early 2022"]
[White "Narayanan, Srinath"]
[Black "Royal, Shreyas"]
[WhiteFideId "5018420"]
[BlackFideId "448869"]
[WhiteElo "2472"]
[BlackElo "1986"]
[Result "1-0"]
[Round "04"]
[TimeControl "180+1"]
[Date "2022.06.28"]
[WhiteClock "0:00:55"]
[BlackClock "0:01:25"]

1. d4 Nf6 2. Nf3 d5 3. c4 e6 4. g3 Bb4+ 5. Bd2 Be7 6. Bg2 O-O 7. O-O Nbd7 8. Qc2 c6 9. a4 b6 10. a5 Ba6 11. b3 Ne4 12. Bf4 g5 13. Be3 Nd6 14. Nbd2 Nf5 15. g4 Nxe3 16. fxe3 c5 17. Kh1 Rc8 18. axb6 Qxb6 19. Qa2 Rc6 20. Ne5 Nxe5 21. dxe5 dxc4 22. Nxc4 Bxc4 23. bxc4 Rc7 24. Rab1 1-0


[Site "https://www.chess.com"]

[Event "Titled Tuesday Blitz June 28 Early 2022"]
[White "Navarrete Mendez, Gonzalo Alberto"]
[Black "Sevian, Samuel"]
[WhiteFideId "5106850"]
[BlackFideId "2040506"]
[WhiteElo "2261"]
[BlackElo "2692"]
[Result "0-1"]
[Round "04"]
[TimeControl "180+1"]
[Date "2022.06.28"]
[WhiteClock "0:00:10"]
[BlackClock "0:01:36"]

1. e4 c5 2. Nf3 Qa5 3. Nc3 d6 4. d4 cxd4 5. Nxd4 Nf6 6. Nb3 Qc7 7. Bd3 a6 8. f4 e6 9. Qf3 Be7 10. Bd2 Nbd7 11. O-O b5 12. Rae1 Bb7 13. Kh1 O-O 14. Qh3 g6 15. f5 exf5 16. exf5 Ne5 17. Bg5 b4 18. Qh4 bxc3 19. Bxf6 Bxf6 20. Qxf6 cxb2 21. Qh4 f6 22. fxg6 hxg6 23. Nd4 Qh7 24. Qg3 Rae8 25. Rxe5 Rxe5 26. Bxg6 Qg7 27. Qb3+ Bd5 28. Qg3 Rg5 29. Qxd6 Bxg2+ 30. Kg1 Bxf1+ 31. Kxf1 b1=Q+ 0-1


[Site "https://www.chess.com"]

[Event "Titled Tuesday Blitz June 28 Early 2022"]
[White "Nozdrachev, Leonid"]
[Black "Bommini, Mounika Akshaya"]
[WhiteFideId "24113433"]
[BlackFideId "25019872"]
[WhiteElo "2129"]
[BlackElo "1680"]
[Result "1-0"]
[Round "04"]
[TimeControl "180+1"]
[Date "2022.06.28"]
[WhiteClock "0:01:47"]
[BlackClock "0:00:02"]

1. e4 e5 2. Nf3 Nc6 3. Bc4 Nf6 4. d3 Be7 5. O-O O-O 6. a3 d5 7. exd5 Nxd5 8. h3 Be6 9. Re1 Bf6 10. Nbd2 h6 11. Bb5 Nf4 12. Ne4 Bg5 13. Nexg5 hxg5 14. Bxc6 bxc6 15. Nxe5 Qd5 16. Bxf4 gxf4 17. Qf3 Qxf3 18. Nxf3 Rab8 19. b4 Bd5 20. Nd4 f3 21. c4 Be6 22. Nxe6 fxe6 23. Rxe6 fxg2 24. Rxc6 Rbd8 25. Rd1 Rf5 26. Kxg2 Rg5+ 27. Kf1 Rd7 28. d4 Rf7 29. Re6 Rg3 30. Re8+ Kh7 31. Re7 Rf6 32. Rxc7 Rxa3 33. Rd2 Rxh3 34. d5 Rh1+ 35. Ke2 Rh2 36. Ke3 Rh3+ 37. Kd4 1-0


[Site "https://www.chess.com"]

[Event "Titled Tuesday Blitz June 28 Early 2022"]
[White "Ocelak, Jakub"]
[Black "Piliczewski, Bogusz"]
[WhiteFideId "23707933"]
[BlackFideId "1104144"]
[WhiteElo "2048"]
[BlackElo "1896"]
[Result "1-0"]
[Round "04"]
[TimeControl "180+1"]
[Date "2022.06.28"]
[WhiteClock "0:01:35"]
[BlackClock "0:00:05"]

1. e4 c6 2. Nf3 d5 3. d3 dxe4 4. dxe4 Qxd1+ 5. Kxd1 Bg4 6. Be2 Nd7 7. Ne1 Ngf6 8. Bxg4 Nxg4 9. Ke2 e5 10. Nd3 Nc5 11. f3 Nxd3 12. cxd3 Nf6 13. Be3 Bb4 14. a3 Ba5 15. b4 Bb6 16. Bxb6 axb6 17. Nd2 b5 18. Nb3 b6 19. Rhc1 Kd7 20. d4 Rhe8 21. dxe5 Rxe5 22. Rc3 Kc7 23. Nd4 Kb7 24. Nxc6 Re6 25. Nd4 Re7 26. Rac1 1-0


[Site "https://www.chess.com"]

[Event "Titled Tuesday Blitz June 28 Early 2022"]
[White "Pein, Jonathan"]
[Black "Gundam, Rohit"]
[WhiteFideId "417092"]
[BlackFideId "75002809"]
[WhiteElo "2140"]
[BlackElo "2338"]
[Result "1-0"]
[Round "04"]
[TimeControl "180+1"]
[Date "2022.06.28"]
[WhiteClock "0:00:38"]
[BlackClock "0:00:04"]

1. d4 Nf6 2. Nf3 e6 3. c4 Bb4+ 4. Bd2 a5 5. g3 d6 6. Bg2 Bxd2+ 7. Nbxd2 Nbd7 8. O-O e5 9. Qc2 O-O 10. Rfd1 Qe7 11. e3 h6 12. Rac1 c6 13. Nh4 Rd8 14. Ndf3 e4 15. Nd2 d5 16. cxd5 cxd5 17. Qc7 Re8 18. Nf5 Qb4 19. Nd6 Rf8 20. Rc2 b6 21. a3 Qa4 22. Rdc1 Ba6 23. Nb1 Bd3 24. Rc3 Bxb1 25. Rxb1 Ne8 26. Nxe8 Rfxe8 27. Bh3 Nf6 28. Rbc1 Qb5 29. b3 a4 30. Bf1 Qa5 31. b4 Qa7 32. Bb5 Qxc7 33. Rxc7 Reb8 34. h3 Kf8 35. g4 Rd8 36. Rb7 Rab8 37. Ra7 Ra8 38. Rac7 Rab8 39. R1c3 Ne8 40. Bxe8 Kxe8 41. Kf1 Ra8 42. Ke2 g6 43. R3c6 Rab8 44. Rf6 Rd7 45. Rxd7 Kxd7 46. Rxf7+ Ke6 47. Ra7 Rc8 48. Rxa4 Rc2+ 49. Kf1 Rc1+ 50. Kg2 Kd7 51. Ra7+ Kc6 52. a4 Ra1 53. a5 bxa5 54. Rxa5 Rxa5 55. bxa5 Kb5 56. Kg3 g5 57. f3 Kxa5 58. fxe4 dxe4 59. h4 Ka4 60. hxg5 hxg5 61. Kf2 Kb4 62. Ke2 Kb5 63. Kd2 Kb4 64. Kc2 Kb5 65. Kc3 Kb6 66. Kc4 Kc6 67. d5+ Kd6 68. Kd4 Kd7 69. Kxe4 Kc7 70. Ke5 Kd7 71. e4 1-0


[Site "https://www.chess.com"]

[Event "Titled Tuesday Blitz June 28 Early 2022"]
[White "Pert, Nicholas"]
[Black "Andrews, Todd"]
[WhiteFideId "403989"]
[BlackFideId "2012456"]
[WhiteElo "2536"]
[BlackElo "2369"]
[Result "1-0"]
[Round "04"]
[TimeControl "180+1"]
[Date "2022.06.28"]
[WhiteClock "0:01:13"]
[BlackClock "0:00:02"]

1. Nf3 c5 2. c3 g6 3. d4 cxd4 4. cxd4 Bg7 5. Nc3 d5 6. Bf4 a6 7. e3 Nc6 8. Be2 Nf6 9. Rc1 O-O 10. O-O Bf5 11. Ne5 Rc8 12. Qb3 Na5 13. Qa4 b5 14. Qd1 Nc4 15. b3 Nd6 16. a4 b4 17. Na2 a5 18. Nc6 Qd7 19. Nxa5 Rxc1 20. Qxc1 Rc8 21. Qd2 Rc2 22. Qxb4 Rxa2 23. Bxd6 exd6 24. Bb5 Qc7 25. Nc6 h5 26. h3 Bd3 27. Rc1 Ne4 28. Bxd3 Nxf2 29. Bf1 Bh6 30. Qe1 Qd7 31. Nb4 Rb2 32. Qc3 Nxh3+ 33. gxh3 Qf5 34. Qxb2 Bxe3+ 35. Kh1 Bxc1 36. Qxc1 Qe4+ 37. Bg2 Qxd4 38. Nxd5 1-0


[Site "https://www.chess.com"]

[Event "Titled Tuesday Blitz June 28 Early 2022"]
[White "Petrova, Irina"]
[Black "Nguyen, Quoc Hy"]
[WhiteFideId "14124122"]
[BlackFideId "12410853"]
[WhiteElo "1993"]
[BlackElo "1938"]
[Result "1-0"]
[Round "04"]
[TimeControl "180+1"]
[Date "2022.06.28"]
[WhiteClock "0:00:23"]
[BlackClock "0:00:07"]

1. e4 c5 2. Nf3 d6 3. Bb5+ Bd7 4. Bxd7+ Qxd7 5. O-O Nf6 6. Re1 Nc6 7. c3 e6 8. d4 Nxd4 9. cxd4 cxd4 10. Nxd4 Be7 11. Nc3 O-O 12. Bg5 h6 13. Bxf6 Bxf6 14. Rc1 a6 15. Nf3 Qe7 16. e5 dxe5 17. Nxe5 Rfd8 18. Qf3 Rac8 19. Ng4 Bg5 20. Rcd1 Qb4 21. Qe2 b5 22. h3 Be7 23. Rxd8+ Rxd8 24. Rd1 Rxd1+ 25. Nxd1 Bc5 26. Nge3 Bd4 27. a3 Qb3 28. Qc2 Qa2 29. g3 a5 30. Qd3 Bxb2 31. Nxb2 Qxb2 32. Qd8+ Kh7 33. Qxa5 f5 34. Qb4 Qe2 35. h4 Qd3 36. Kg2 e5 37. Qc5 f4 38. gxf4 Qe4+ 39. Kg1 Qxf4 40. Qc2+ e4 41. Qc5 Qxh4 42. Qf5+ Kh8 43. Qxb5 Qd8 44. Qb1 Qd4 45. Qb4 Qa1+ 46. Kg2 Qe5 47. Qf8+ Kh7 48. Qf5+ 1-0


[Site "https://www.chess.com"]

[Event "Titled Tuesday Blitz June 28 Early 2022"]
[White "Pham, Tran Gia Phuc"]
[Black "Starozhilov, Leonid"]
[WhiteFideId "12415669"]
[BlackFideId "14106752"]
[WhiteElo "1789"]
[BlackElo "2414"]
[Result "1/2-1/2"]
[Round "04"]
[TimeControl "180+1"]
[Date "2022.06.28"]
[WhiteClock "0:01:03"]
[BlackClock "0:00:03"]

1. c4 Nf6 2. Nc3 g6 3. g3 d6 4. Bg2 Bg7 5. e3 O-O 6. Nge2 c5 7. O-O Nc6 8. d3 a6 9. Rb1 Rb8 10. a3 Bd7 11. b4 cxb4 12. axb4 b5 13. cxb5 axb5 14. d4 e5 15. Qd3 Bf5 16. e4 Bg4 17. d5 Ne7 18. f3 Bd7 19. Be3 Nh5 20. g4 Nf6 21. h4 h5 22. g5 Ne8 23. Ra1 f6 24. Ra7 Nc8 25. Ra5 fxg5 26. Bxg5 Bf6 27. f4 Bxg5 28. fxg5 Rxf1+ 29. Bxf1 Qb6+ 30. Kg2 Nc7 31. Ng3 Na6 32. Qb1 Qd4 33. Rxa6 Qxc3 34. Be2 Nb6 35. Ra7 Rf8 36. Qg1 Bg4 37. Bxg4 hxg4 38. Qxb6 Qd2+ 39. Kg1 Qd1+ 40. Kg2 Qd2+ 41. Kg1 Qe1+ 42. Kg2 Qd2+ 1/2-1/2


[Site "https://www.chess.com"]

[Event "Titled Tuesday Blitz June 28 Early 2022"]
[White "Piesik, Piotr"]
[Black "Mogirzan, Matei-Valeriu"]
[WhiteFideId "1136194"]
[BlackFideId "1257455"]
[WhiteElo "2247"]
[BlackElo "1733"]
[Result "1-0"]
[Round "04"]
[TimeControl "180+1"]
[Date "2022.06.28"]
[WhiteClock "0:00:18"]
[BlackClock "0:00:05"]

1. Nf3 Nf6 2. g3 Nc6 3. Bg2 d5 4. O-O e6 5. d3 Be7 6. Nbd2 O-O 7. e4 b6 8. Qe2 Bb7 9. e5 Nd7 10. Re1 a5 11. Nf1 b5 12. h4 b4 13. h5 a4 14. h6 g6 15. a3 b3 16. c3 Ba6 17. N1h2 Nc5 18. Rd1 Qb8 19. Bg5 Qb5 20. Bxe7 Nxe7 21. Nd4 Qb6 22. Qf3 Nd7 23. Ng4 Nf5 24. Nxf5 gxf5 25. Qf4 Kh8 26. Ne3 Rg8 27. g4 Nc5 28. Bf1 Rg6 29. Kh2 Rag8 30. gxf5 exf5 31. Nxf5 Ne6 32. Qe3 d4 33. cxd4 Bb7 34. d5 Qxe3 35. fxe3 Bxd5 36. e4 Ng5 37. Bg2 Bb7 38. Rac1 Bc8 39. Rf1 Bxf5 40. Rxf5 Rxh6+ 41. Kg1 Rhg6 42. Kf2 Ne6 43. Bf3 Rg3 44. Rh1 Ng5 45. Be2 Nxe4+ 46. dxe4 Rg2+ 47. Ke3 c5 48. Rxf7 R8g3+ 49. Rf3 Rxf3+ 50. Kxf3 Rg8 51. Rc1 Rf8+ 52. Ke3 Rc8 53. Rc4 h5 54. Rxa4 h4 55. Bg4 c4 56. Bxc8 c3 57. bxc3 b2 58. Rb4 h3 59. Rxb2 h2 60. Rxh2+ Kg7 61. Rf2 Kg6 62. e6 Kg5 63. e7 1-0


[Site "https://www.chess.com"]

[Event "Titled Tuesday Blitz June 28 Early 2022"]
[White "Pinheiro, Iung Alicio de O."]
[Black "Dwilewicz, Katarzyna"]
[WhiteFideId "2104350"]
[BlackFideId "1148486"]
[WhiteElo "2283"]
[BlackElo "1907"]
[Result "1-0"]
[Round "04"]
[TimeControl "180+1"]
[Date "2022.06.28"]
[WhiteClock "0:00:53"]
[BlackClock "0:00:02"]

1. e4 c5 2. Nf3 d6 3. c3 Nf6 4. h3 g6 5. Bd3 Bg7 6. Bc2 O-O 7. O-O Nc6 8. d4 cxd4 9. cxd4 e6 10. Nc3 b6 11. Bg5 h6 12. Be3 Bb7 13. Qd2 Kh7 14. Rac1 Rc8 15. Rfd1 Qe7 16. Bb1 Rfd8 17. Re1 Na5 18. b3 Qd7 19. Nh2 Nc6 20. Rcd1 Qe7 21. f4 e5 22. fxe5 dxe5 23. d5 Nd4 24. Ne2 Nxe2+ 25. Qxe2 Ne8 26. Rf1 Nd6 27. Ng4 h5 28. Nh2 Qh4 29. Nf3 Qe7 30. Bg5 f6 31. Be3 Rc3 32. Bd2 Rc7 33. Rf2 Qd7 34. Rdf1 Qc8 35. Bd3 Qd7 36. Nh4 Rdc8 37. Rxf6 Bxf6 38. Rxf6 Rg8 39. Nxg6 Rxg6 40. Qxh5+ Kg8 41. Rxg6+ Kf8 42. Qh8+ Ke7 43. Bg5+ 1-0


[Site "https://www.chess.com"]

[Event "Titled Tuesday Blitz June 28 Early 2022"]
[White "Pourkashiyan, Atousa"]
[Black "Hambleton, Aman"]
[WhiteFideId "12502014"]
[BlackFideId "2606577"]
[WhiteElo "2247"]
[BlackElo "2552"]
[Result "0-1"]
[Round "04"]
[TimeControl "180+1"]
[Date "2022.06.28"]
[WhiteClock "0:01:46"]
[BlackClock "0:02:35"]

1. e4 b6 2. d4 Bb7 3. Nc3 e6 4. Nf3 Bb4 5. Bd3 Nf6 6. Qe2 d5 7. e5 Ne4 8. Bd2 Bxc3 9. Bxc3 c5 10. O-O Nxc3 11. bxc3 c4 12. Bxc4 dxc4 13. Qxc4 Ba6 14. Qa4+ Qd7 0-1


[Site "https://www.chess.com"]

[Event "Titled Tuesday Blitz June 28 Early 2022"]
[White "Preotu, Razvan"]
[Black "Xiong, Jeffery"]
[WhiteFideId "2613280"]
[BlackFideId "2047640"]
[WhiteElo "2407"]
[BlackElo "2714"]
[Result "0-1"]
[Round "04"]
[TimeControl "180+1"]
[Date "2022.06.28"]
[WhiteClock "0:00:15"]
[BlackClock "0:00:23"]

1. e4 e5 2. Nf3 Nf6 3. d4 exd4 4. e5 Ne4 5. Qxd4 d5 6. exd6 Nxd6 7. Nc3 Nc6 8. Qf4 g6 9. Bd3 Bg7 10. O-O O-O 11. Be3 Re8 12. Rad1 Ne5 13. Be2 Bf5 14. Nd4 Bd7 15. b3 a6 16. h3 Rc8 17. Bc1 c5 18. Nf3 Nf5 19. Nd5 Bc6 20. c4 Nxf3+ 21. Bxf3 Nd4 22. Rfe1 Bxd5 23. Bxd5 Qd7 24. Kf1 b5 25. g4 bxc4 26. bxc4 h5 27. Kg2 hxg4 28. hxg4 Ne2 29. Qf3 Nc3 30. Rxe8+ Rxe8 31. Rd3 Nxd5 32. Rxd5 Qc8 33. Be3 Re5 34. Rxe5 Bxe5 35. Qe4 Bd6 36. Kf3 Bf8 37. Qd5 Qc7 38. g5 Qa5 39. Qd2 Qa4 40. Qc2 Qxc2 0-1


[Site "https://www.chess.com"]

[Event "Titled Tuesday Blitz June 28 Early 2022"]
[White "Priyanka Nutakki"]
[Black "Tifferet, Shaked"]
[WhiteFideId "25049615"]
[BlackFideId "2811529"]
[WhiteElo "1912"]
[BlackElo "2083"]
[Result "0-1"]
[Round "04"]
[TimeControl "180+1"]
[Date "2022.06.28"]
[WhiteClock "0:00:12"]
[BlackClock "0:00:12"]

1. d4 e6 2. c4 Nc6 3. Nc3 Bb4 4. Nf3 Nf6 5. Bg5 h6 6. Bh4 g5 7. Bg3 Ne4 8. Rc1 d5 9. e3 h5 10. cxd5 exd5 11. Qb3 h4 12. Bxc7 Qxc7 13. Qxd5 Nxc3 14. bxc3 Be7 15. Nxg5 Bxg5 16. Qxg5 Qe7 17. Qf4 Be6 18. Bb5 h3 19. gxh3 O-O-O 20. Rg1 Bxh3 21. Rg3 Be6 22. Rg7 Qh4 23. Qf3 Bd5 24. Qf5+ Kb8 25. Bxc6 Bxc6 26. Rxf7 Qxh2 27. Ke2 Rhe8 28. Rh7 Qd6 29. Qa5 Be4 30. Rg7 Qf6 31. Qc7+ Ka8 32. Rcg1 Rc8 33. Qa5 Qf3+ 34. Ke1 Bd3 35. Kd2 Qe2+ 36. Kc1 Qc2# 0-1


[Site "https://www.chess.com"]

[Event "Titled Tuesday Blitz June 28 Early 2022"]
[White "Reprintsev, Alexander"]
[Black "Mrudul Dehankar"]
[WhiteFideId "14100541"]
[BlackFideId "25096990"]
[WhiteElo "2108"]
[BlackElo "1766"]
[Result "1-0"]
[Round "04"]
[TimeControl "180+1"]
[Date "2022.06.28"]
[WhiteClock "0:01:26"]
[BlackClock "0:00:01"]

1. e4 c5 2. b3 Nc6 3. Bb2 d6 4. Bb5 Nf6 5. Bxc6+ bxc6 6. d3 e5 7. Ne2 Be7 8. O-O Nh5 9. f4 Bg4 10. fxe5 Bg5 11. h3 Be3+ 12. Kh2 Bxe2 13. Qxe2 Bf4+ 14. Rxf4 Nxf4 15. Qf2 Ng6 16. e6 O-O 17. exf7+ Rxf7 18. Qg3 Qh4 19. Nd2 Qxg3+ 20. Kxg3 a5 21. a4 d5 22. Nf3 d4 23. Ba3 Rd7 24. Re1 Re8 25. Bxc5 Ne5 26. Nxd4 g6 27. Nf3 Nxf3 28. gxf3 Kf7 29. f4 Ke6 30. Kf3 Rf7 31. Ke3 Rc8 32. d4 Rg8 33. h4 1-0


[Site "https://www.chess.com"]